 Dungeon Crawl Stone Soup version 0.30-a0-347-gf58ed5266c (webtiles) character file.

Game seed: 8062048399697864296

469 ScottyB the Chopper (level 7, 0/54 HPs)
             Began as a Human Fighter on Nov 5, 2022.
             Killed by divine providence
             ... invoked by an orc priest
              (13 damage)
             ... on level 5 of the Dungeon.
             The game lasted 00:24:44 (3434 turns).

ScottyB the Chopper (Human Fighter)                 Turns: 3434, Time: 00:24:45

Health: 0/54       AC: 16    Str: 18    XL:     7   Next: 30%
Magic:  7/7        EV:  5    Int:  8    God:
Gold:   252        SH:  5    Dex: 13    Spells: 6/6 levels left

rFire   . . .      SeeInvis +    a - +0 war axe
rCold   . . .      Faith    .    c - +0 buckler
rNeg    . . .      Spirit   .    o - +4 plate armour of Ashenzari, Hurting {Harm SInv}
rPois   .          Reflect  .    (no helmet)
rElec   .          Harm     +    (no cloak)
rCorr   .          Rampage  .    (no gloves)
Will    .....                    (no boots)
Stlth   ..........               (no amulet)
HPRegen 0.29/turn                (no ring)
MPRegen 0.10/turn                (no ring)

@: no status effects
A: no striking features
a: no special abilities


You were on level 5 of the Dungeon.
You visited 2 branches of the dungeon, and saw 6 of its levels.
You also visited: Sewer.

You collected 252 gold pieces.

Inventory:

Hand Weapons
 a - a +0 war axe (weapon)
Missiles
 n - 3 silver boomerangs (quivered)
 r - 3 curare-tipped darts
Armour
 b - a +0 scale mail
 c - a +0 buckler (worn)
 j - a +0 plate armour
 o - the +4 plate armour of Ashenzari, Hurting (worn) {Harm SInv}
   (You found it on level 3 of the Dungeon)

   SInv:      It lets you see invisible.
   Harm:      It increases damage dealt and taken.
Wands
 p - a wand of flame (4)
Scrolls
 e - 5 scrolls of teleportation {unknown}
 f - 6 scrolls of identify {unknown}
 g - a scroll of blinking {unknown}
 k - a scroll of magic mapping {unknown}
 l - a scroll of fog {unknown}
 m - 3 scrolls of immolation {unknown}
Potions
 d - a potion of might
 h - 4 potions of attraction {unknown}
 i - 2 potions of mutation {unknown}
 q - a potion of invisibility {unknown}
 s - 2 potions of heal wounds {unknown}


   Skills:
 + Level 4.0 Fighting
 + Level 5.0 Axes
 + Level 4.5 Armour
 + Level 1.5 Dodging
 + Level 3.9 Shields


You had 6 spell levels left.
You didn't know any spells.
Your spell library contained the following spells:

 Spells                   Type           Power      Damage    Failure   Level
 Cigotuvi's Dreadful Rot  Necr/Pois/Air  0%         N/A       100%        2
 Poisonous Vapours        Pois/Air       0%         N/A       100%        2
 Ignite Poison            Fire/Tmut/Pois 0%         N/A       100%        3
 Kindle Blastsparks       Fire/Tloc/Air  0%         2d10      100%        3
 Mephitic Cloud           Conj/Pois/Air  0%         N/A       100%        3
 Freezing Cloud           Conj/Ice/Air   0%         6-21      100%        5


Dungeon Overview and Level Annotations

Branches:
Dungeon (5/15)             Temple (1/1) D:4           Sewer (visited)

Altars:
Cheibriados
Dithmenos
Elyvilon
Gozag
Kikubaaqudgha
Qazlal
Ru
Sif Muna
Trog
Vehumet
Xom
Yredelemnul
Zin
The Shining One


Message History

You slash the orc!
You kill the orc!
You hit the orc priest.
You kill the orc priest!
The orc priest hits you from afar with a +0 trident.
The orc priest hits you but does no damage.
Things that are here:
a +0 morningstar; a +0 flail; an orc corpse You hit the orc priest but do no damage.
You block the orc priest's attack.
An orc priest comes into view. It is wielding a +0 whip.
You closely miss the orc priest.
The orc priest shouts!
You block the orc priest's attack.
The orc priest invokes the aid of Beogh against you.
Beogh smites you!
The orc priest casts a cantrip, but nothing happens.
You hit the orc priest.
The orc priest is lightly wounded.
The orc priest hits you but does no damage.
You slash the orc priest!
The orc priest is severely wounded.
The orc priest hits you but does no damage.
You slash the orc priest!
You kill the orc priest!
The orc hits you but does no damage.
Your Fighting skill increases to level 4!
You hit the orc but do no damage. The orc barely misses you.
The orc priest mumbles some strange prayers to Beogh against you.
Beogh smites you!
* * * LOW HITPOINT WARNING * * *
You closely miss the orc. The orc hits you but does no damage.
You slash the orc!
You kill the orc!
The orc priest hits you but does no damage.
You barely miss the orc priest. The orc priest hits you with a +0 whip.
* * * LOW HITPOINT WARNING * * *
The orc priest calls down the wrath of Beogh upon you.
Beogh smites you!
You die...

#.....###########.....
#...............'.....
#.....###########.....
#..........# #.....
#.....#.##.# #.....
#...######.# ######
#.... ...#.#####
#....###.#.....#
#....@)o.....#.#
#...####.###.# .....
..... .# ###.
#.#####.# # ... # ###


You could see an orc priest.

Vanquished Creatures
  Pargi (Sewer)
  3 orc priests
  A hound (D:4)
  Natasha (thrice) (D:3)
  9 adders
  2 river rats (D:3)
  2 worms (D:3)
  3 dart slugs
  5 orcs
  6 ball pythons
  8 endoplasms
  3 giant cockroaches
  6 goblins
  3 hobgoblins
  4 jackals
  6 kobolds
  2 quokkas
  6 bats
  3 frilled lizards
  7 rats
83 creatures vanquished.

Notes
Turn   | Place    | Note
-------+----------+-------------------------------------------
     0 | D:1      | ScottyB the Human Fighter began the quest for the Orb.
     0 | D:1      | Reached XP level 1. HP: 18/18 MP: 1/1
   207 | D:1      | Reached XP level 2. HP: 24/24 MP: 2/2
   409 | D:1      | You fall into a shaft and drop 1 floor!
   447 | D:2      | Reached XP level 3. HP: 24/29 MP: 3/3
   621 | D:2      | Reached skill level 3 in Axes
   621 | D:2      | Reached XP level 4. HP: 33/35 MP: 4/4
  1374 | D:3      | Reached skill level 1 in Dodging
  1374 | D:3      | Reached XP level 5. HP: 29/41 MP: 5/5
  1402 | D:3      | Found a glowing drain.
  1409 | Sewer    | Entered a sewer
  1574 | Sewer    | Noticed Pargi
  1588 | Sewer    | Killed Pargi
  1589 | Sewer    | Reached skill level 4 in Axes
  1589 | Sewer    | Reached XP level 6. HP: 24/47 MP: 6/6
  2129 | D:3      | Noticed Natasha
  2130 | D:3      | Killed Natasha
  2167 | D:3      | Identified the +4 plate armour of Ashenzari, Hurting {Harm
                  | SInv}
  2517 | D:3      | Noticed Natasha
  2523 | D:3      | Killed Natasha
  2645 | D:3      | Noticed Natasha
  2654 | D:3      | Killed Natasha
  2740 | D:4      | Reached XP level 7. HP: 52/52 MP: 7/7
  2980 | D:4      | Found a staircase to the Ecumenical Temple.
  3002 | Temple   | Entered the Ecumenical Temple
  3259 | D:4      | You fall into a shaft and drop 1 floor!
  3259 | D:5      | Entered Level 5 of the Dungeon
  3338 | D:5      | Reached skill level 5 in Axes
  3434 | D:5      | Killed from afar by an orc priest

Illustrated notes

Levels and vault maps discovered:
D:1:      eino_arrival_druids_welcome, layout_basic, serial_shops, shop
D:2:      layout_basic
D:3:      layout_loops_corners, portal_sewer_entry_e, minmay_misc_feat_x,
          hangedman_decor_opposing, uniq_natasha
D:4:      layout_rooms, hellmonk_okawaru_the_only_friend_you_need,
          minmay_temple_entry_antechambers
D:5:      layout_basic, overflow_temple_1_default, marbit_many_paths
Temple:   nicolae_temple_two_arcs

Skill      XL: |  1  2  3  4  5  6  7 |
---------------+----------------------+-----
Axes           | 3 4 5 |  5.0
Dodging        | 1 |  1.5
Armour         | 4 |  4.5
Fighting       | 4 |  4.0
Shields        | |  3.9

Action                   |  1- 3 |  4- 6 |  7- 9 || total
-------------------------+-------+-------+-------++-------
Melee: War axe           |    77 |   164 |    49 ||   290
Armor: Scale mail        |    57 |    82 |       ||   139
       Plate armour      |       |    32 |    60 ||    92
Dodge: Dodged            |    53 |    93 |    21 ||   167
Block: Buckler           |    20 |    46 |    20 ||    86

Table legend: (Time is in decaauts)
 A = Elapsed time spent in this place.
 B = Non-inter-level travel time spent in this place.
 C = Inter-level travel time spent in this place.
 D = Time resting spent in this place.
 E = Time spent auto-exploring this place.
 F = Levels seen in this place.
 G = Mean time per level.
                   A        B        C        D        E       F      G
               +--------+--------+--------+--------+--------+-----+--------+
         Total |   3546 |   3543 |      3 |     96 |      0 |   7 |  506.6 |
       Dungeon |   3120 |   3117 |      3 |     96 |      0 |   5 |  624.0 |
        Temple |    175 |    175 |      0 |      0 |      0 |   1 |  175.0 |
         Sewer |    250 |    250 |      0 |      0 |      0 |   1 |  250.0 |
               +--------+--------+--------+--------+--------+-----+--------+

Top non-repeatable levels by time:
     D:3: 1150 daAuts
     D:2: 975 daAuts
     D:1: 433 daAuts
     D:4: 381 daAuts
   Sewer: 250 daAuts
     D:5: 180 daAuts
  Temple: 175 daAuts
